 Dungeon Crawl Stone Soup version 0.27.1-33-g824d729ab1 (webtiles) character file.

Game seed: 11395558654617068716

14 comborobin the Sneak (level 2, -2/25 HPs)
             Began as a Palentonga Delver on Dec 27, 2021.
             Was an Initiate of Cheibriados.
             Slain by an adder (3 damage)
             ... on level 5 of the Dungeon.
             The game lasted 00:01:02 (192 turns).

comborobin the Sneak (Palentonga Delver)             Turns: 192, Time: 00:01:02

Health: -2/25      AC:  4    Str: 16    XL:     2   Next: 27%
Magic:  2/2        EV:  9    Int: 11    God:    Cheibriados [......]
Gold:   0          SH:  0    Dex: 12    Spells: 1/1 levels left

rFire    . . .     SeeInvis +     - Unarmed
rCold    . . .     Faith    .   (no shield)
rNeg     . . .     Spirit   .   a - +0 leather armour
rPois    .         Reflect  .   (no helmet)
rElec    .         Harm     .   (no cloak)
rCorr    .         Rampage  .   (no gloves)
Will     .....                  (no barding)
Stlth    ++........             (no amulet)
HPRegen  0.08/turn              (no ring)
MPRegen  0.08/turn              (no ring)

@: lethally poisoned (-2 -> -4), very slow
A: large, rugged brown scales 3, see invisible, deformed body, roll 1, armoured
tail
a: Rolling Charge, Renounce Religion, Bend Time


You were on level 5 of the Dungeon.
You worshipped Cheibriados.
Cheibriados was noncommittal.
You visited 2 branches of the dungeon, and saw 3 of its levels.

Inventory:

Armour
 a - a +0 leather armour (worn)
Wands
 f - a wand of digging (3)
Scrolls
 b - a scroll of fog
 d - a scroll of fear
Potions
 e - a potion of haste


   Skills:
 - Level 3.1 Fighting
 - Level 1.6 Dodging
 - Level 3.7 Stealth
 + Level 2.0 Unarmed Combat


You had one spell level left.
You didn't know any spells.
Your spell library was empty.

Dungeon Overview and Level Annotations

Branches:
Dungeon (6/15)             Temple (1/1) D:6

Altars:
Cheibriados
Gozag
Hepliaklqana
Okawaru
Qazlal
Trog
Uskayaw
Vehumet
Xom
Zin


Innate Abilities, Weirdness & Mutations

You are completely covered in rugged brown scales. (AC +3, +7% HP)
You have supernaturally acute eyesight. (SInv)
Armour fits poorly on your strangely shaped body.
You can roll at nearby foes to attack.
You have a long armoured tail.


Message History

There is an open door here.
An adder comes into view.
The adder bites you.
You are poisoned.
The adder poisons you! The adder bites you.
You are more poisoned.
The adder poisons you!
You feel very sick.
You completely miss the adder.
You feel sick. The adder barely misses you. The adder bites you.
You are more poisoned.
The adder poisons you!
You miss the adder.
Your tail-slap misses the adder.
You feel very sick. The adder closely misses you.
You hit the adder.
The adder is moderately wounded.
You feel sick. The adder barely misses you.
You closely miss the adder.
The adder is lightly wounded.
You feel sick. The adder bites you but does no damage.
Okay, then.
You hit the adder but do no damage.
Your tail-slap misses the adder.
The adder is lightly wounded.
You feel sick. The adder bites you.
* * * LOW HITPOINT WARNING * * *
The adder bites you but does no damage.
You closely miss the adder.
The adder is lightly wounded.
* * * LOW HITPOINT WARNING * * *
You feel sick. The adder bites you but does no damage.
You barely miss the adder.
The adder is lightly wounded.
* * * LOW HITPOINT WARNING * * *
You feel sick. The adder barely misses you.
You barely miss the adder.
The adder is lightly wounded.
* * * LOW HITPOINT WARNING * * *
You feel sick. The adder bites you.
You die...

#.....#....#......
#.....#'####^.####
####+#.....# ####
#....#.....#
#....#.....+
#....'.....# #
####.#.....#
....####.#####....
.......@S....#....
.............#.....
.....<.......# ....
.....#########
#####


You could see an adder.

Vanquished Creatures
  A hound zombie (D:5)
1 creature vanquished.

Notes
Turn   | Place    | Note
-------+----------+-------------------------------------------
     0 | D:5      | comborobin the Palentonga Delver began the quest for the
                  | Orb.
     0 | D:5      | Reached XP level 1. HP: 19/19 MP: 1/1
     1 | D:6      | Found a staircase to the Ecumenical Temple.
     9 | Temple   | Entered the Ecumenical Temple
    47 | Temple   | Became a worshipper of Cheibriados the Contemplative
   102 | D:5      | Reached XP level 2. HP: 18/25 MP: 2/2
   192 | D:5      | HP: 1/25 [poisoned by an adder]
   192 | D:5      | Slain by an adder

Illustrated notes

Levels and vault maps discovered:
D:5:      layout_gridville, fedhas_altar_1, serial_shops,
          nicolae_shop_overgrown_old_shop, uniq_ijyb
D:6:      layout_rooms, minmay_temple_entry_gardened_gates, minmay_manual_moon
Temple:   nicolae_temple_elliptical

Action                   || total
-------------------------++-------
Melee: Unarmed           ||    14
       Tailslap          ||     2
  Use: Scroll            ||     1
Armor: Leather armour    ||     5
Dodge: Dodged            ||     6
